 Dungeon Crawl Stone Soup version 0.17.1-2-g5865329 (webtiles) character file.

666 pipel the Ruffian (level 7, -1/102 HPs)
             Began as a Troll Berserker on Jan 31, 2016.
             Was a Believer of Trog.
             Slain by a sky beast (3 damage)
             ... on level 6 of the Dungeon.
             The game lasted 00:12:46 (1098 turns).

pipel the Ruffian (Troll Berserker)                 Turns: 1098, Time: 00:12:46

Health: -1/102     AC:  7    Str: 33    XL:     7   Next: 31%
Magic:  6/6        EV: 10    Int: 11    God:    Trog [**....]
Gold:   39         SH:  0    Dex:  9    Spells: 0 memorised, 6 levels left

rFire  . . .     SeeInvis .       - Unarmed
rCold  . . .     Clarity  .     a - +0 animal skin
rNeg   . . .     SustAt   .     (no shield)
rPois  .         Gourm    +     v - +2 hat {Int+3}
rElec  .         Spirit   .     (no cloak)
rCorr  .         Warding  .     (gloves unavailable)
rMut   .         Stasis   .     (boots unavailable)
MR     .....                    (no amulet)
Stlth  ..........               (no ring)
                                x - +5 ring of intelligence

@: berserking (expiring), lethally poisoned (-1 -> -4), very quick, not
resistant to hostile enchantments, extremely unstealthy
A: unfitting armour, claws 3, fast metabolism 3, gourmand, regeneration 2,
shaggy fur 1, tough skin 2
a: Berserk, Trog's Hand, Burn Spellbooks, Renounce Religion


You were on level 6 of the Dungeon.
You worshipped Trog.
Trog was pleased with you.
You were not hungry.

You visited 1 branch of the dungeon, and saw 7 of its levels.
You also visited: Ossuary.

You collected 94 gold pieces.
You spent 55 gold pieces at shops.

Inventory:

Missiles
 f - 2 exploding tomahawks (quivered)
 u - 48 stones
Armour
 a - a +0 animal skin (worn)
 v - a +2 hat of intelligence (worn)
Jewellery
 x - a +5 ring of intelligence (left claw)
Wands
 j - a wand of slowing (32)
 l - a wand of paralysis (11)
Scrolls
 d - 2 scrolls of fog
 g - 4 scrolls of remove curse
 h - 3 scrolls of teleportation
 i - 3 scrolls of immolation {unknown}
 m - a scroll of enchant weapon {unknown}
 p - 3 scrolls of identify {unknown}
 s - a scroll of silence {unknown}
Potions
 c - a potion of agility {unknown}
 e - a potion of might {unknown}
 k - a potion of curing {unknown}
 n - a potion of berserk rage {unknown}
 o - 2 potions of ambrosia {unknown}
 q - a potion of cancellation {unknown}
 r - a potion of flight {unknown}
 t - a potion of invisibility {unknown}
Comestibles
 b - 2 bread rations
 w - 6 chunks of flesh


   Skills:
 + Level 3.9 Fighting
 + Level 3.3 Throwing
 + Level 4.1 Dodging
 + Level 5.2 Unarmed Combat


You had 6 spell levels left.
You didn't know any spells.

Dungeon Overview and Level Annotations

Branches:
Dungeon (7/15)
 Temple: D:4-7

Altars:
Dithmenos

Shops:
D:5 *


Innate Abilities, Weirdness & Mutations

You are too large for most types of armour.
You have claws for hands.
Your metabolism is lightning-fast.
You like to eat raw meat.
You heal very quickly.
You are covered in fur (AC +1).
You have very tough skin (AC +2).


Message History

The worker ant bites you.
* * * LOW HITPOINT WARNING * * *
You closely miss something. Something hits you.
* * * LOW HITPOINT WARNING * * *
Something shocks you.
* * * LOW HITPOINT WARNING * * *
The goblin hits you but does no damage.
You miss something.
You feel sick. The worker ant closely misses you.
You completely miss something. The worker ant barely misses you.
Something hits you.
* * * LOW HITPOINT WARNING * * *
Something shocks you.
* * * LOW HITPOINT WARNING * * *
The goblin hits you with a club.
* * * LOW HITPOINT WARNING * * *
You miss something. The worker ant bites you.
* * * LOW HITPOINT WARNING * * *
You are lethally poisoned!
The worker ant poisons you! Something hits you.
You die...

.##...###.....(.###.........
.###+## #.......# #.:.##...
.# #(......+ .... ..
..........# .## .#
...........#####
.).........#.(.#
..........(#(#.#
.###.....gg#.#.#..##
#.....ga@{............
#...#.###.#.#.#.#..#.###
#.<.#. #.#.#.#.#....... ###
## ....#.#. ...... #.#.#...
.....# #.#.#.#.##.#..#
...... ..#.#..#
#.#.#.##.#.#".##.
........#.......


You could see a worker ant and 3 goblins.

Vanquished Creatures
  2 centaurs
  2 water moccasin zombies (Ossuary)
  An orc wizard (D:4)
  2 orc priests (D:4)
  An iguana (D:4)
  A hound (D:7)
  2 worker ants
  A killer bee zombie (D:7)
  A big kobold zombie (Ossuary)
  3 mummies
  A hound skeleton (D:5)
  A gnoll (D:6)
  An adder (D:4)
  8 adder zombies (Ossuary)
  An adder skeleton (D:5)
  3 worms
  2 giant geckos (D:1)
  8 orcs
  A giant cockroach (D:2)
  2 gnoll zombies (Ossuary)
  2 goblins
  A hobgoblin (D:2)
  2 ball pythons (D:2)
  2 bats (D:2)
  A giant newt (D:2)
  2 hobgoblin zombies (Ossuary)
  A jackal skeleton (D:5)
  A kobold (D:2)
  3 kobold zombies (Ossuary)
  6 orc zombies (Ossuary)
  A rat (D:2)
66 creatures vanquished.

Notes
Turn   | Place    | Note
--------------------------------------------------------------
     0 | D:1      | pipel the Troll Berserker began the quest for the Orb.
     0 | D:1      | Reached XP level 1. HP: 22/22 MP: 0/0
    65 | D:2      | Reached XP level 2. HP: 29/29 MP: 1/1
   229 | D:2      | You fall through a shaft!
   272 | D:4      | Reached skill level 1 in Throwing
   272 | D:4      | Reached XP level 3. HP: 36/36 MP: 2/2
   275 | D:4      | Reached ** piety under Trog
   290 | D:4      | Found a shadowy altar of Dithmenos.
   325 | D:4      | Reached XP level 4. HP: 8/44 MP: 3/3
   346 | D:5      | Entered Level 5 of the Dungeon
   358 | D:5      | Found Ubiexyobb's General Store.
   359 | D:5      | Noticed a centaur
   372 | D:5      | Killed a centaur
   372 | D:5      | Reached skill level 4 in Unarmed Combat
   372 | D:5      | Reached XP level 5. HP: 10/53 MP: 4/4
   385 | D:5      | Bought a scroll of fog for 22 gold pieces
   385 | D:5      | Bought a scroll of teleportation for 33 gold pieces
   516 | D:4      | Reached XP level 6. HP: 44/61 MP: 5/5
   558 | D:4      | Found a sand-covered staircase.
   571 | Ossuary  | Entered an ossuary
   848 | D:4      | Reached XP level 7. HP: 60/68 MP: 6/6
   979 | D:7      | Reached skill level 5 in Unarmed Combat
  1097 | D:6      | HP: 4/102 [goblin/club (3)]
  1098 | D:6      | Slain by a sky beast

Action                   |  1- 3 |  4- 6 |  7- 9 || total
-------------------------+-------+-------+-------++-------
Melee: Unarmed           |    64 |   118 |    45 ||   227
Throw: Tomahawk          |       |     1 |       ||     1
Invok: Berserk           |     5 |     1 |     1 ||     7
       Trog's Hand       |       |     2 |       ||     2
  Use: Scroll            |       |     2 |       ||     2
 Stab: Sleeping          |     1 |       |       ||     1
  Eat: Chunk             |    10 |     2 |       ||    12
       Bread ration      |       |       |     1 ||     1
